 Dungeon Crawl Stone Soup version 0.26.1-11-gd32895ea62 (webtiles) character file.

Game seed: 6501718594507758588

19989 Tycrow the Thaumaturge (level 12, -2/59 HPs)
             Began as a Deep Elf Conjurer on June 24, 2021.
             Was a Priest of Vehumet.
             Slain by a hell hound (9 damage)
             ... on level 1 of the Lair of Beasts on June 25, 2021.
             The game lasted 02:49:00 (13681 turns).

Tycrow the Thaumaturge (Deep Elf Conjurer)         Turns: 13681, Time: 02:49:01

Health: -2/59      AC: 17    Str:  7 (8)  XL:     12   Next: 41%
Magic:  18/31      EV: 14    Int: 28 (29) God:    Vehumet [***...]
Gold:   416        SH:  5    Dex: 11 (13) Spells: 18/33 levels left

rFire    . . .     SeeInvis .   l - +9 dire flail "Rauch" {vorpal, +Fly Stlth+}
rCold    . . .     Faith    .   (shield currently unavailable)
rNeg     + . .     Spirit   .   C - +0 troll leather armour
rPois    .         Reflect  +   G - +2 hat {Will+}
rElec    .         Harm     .   (no cloak)
rCorr    .         Rampage  .   b - +2 pair of gloves
Will     ++...                  n - +0 pair of boots
Stlth    +++++.....             m - amulet "Zothinte" {Reflect *Contam rN+ Str+4 SH+5}
HPRegen  0.59/turn              w - +4 ring of protection
MPRegen  0.22/turn              r - ring of wizardry

@: no status effects
A: yellow scales 2, high mp 1
a: Renounce Religion, Evoke Flight


You were on level 1 of the Lair of Beasts.
You worshipped Vehumet.
Vehumet was most pleased with you.
You visited 3 branches of the dungeon, and saw 13 of its levels.
You also visited: Ossuary.

You collected 836 gold pieces.
You spent 420 gold pieces at shops.

Inventory:

Hand Weapons
 l - the +9 dire flail "Rauch" (weapon) {vorpal, +Fly Stlth+}
   (You took it off a two-headed ogre on level 11 of the Dungeon)

   It inflicts extra damage upon your enemies.
   It lets you fly.
   It makes you more stealthy.
 s - a +5 quarterstaff of chaos
 K - the cursed +3 great mace of the Lost Nights {holy, Str+4 Dex+6 SInv}
   (You took it off a two-headed ogre on level 11 of the Dungeon)

   It has been blessed by the Shining One to cause great damage to the undead
   and demons.
   It affects your strength (+4).
   It affects your dexterity (+6).
   It lets you see invisible.
   It has a curse placed upon it.
Missiles
 H - 133 arrows
Armour
 b - a +2 pair of gloves (worn)
 n - a +0 pair of boots (worn)
 C - a +0 troll leather armour (worn)
 G - a +2 hat of willpower (worn)
Magical Staves
 y - an uncursed staff of earth
Jewellery
 e - an uncursed amulet of regeneration
 m - the amulet "Zothinte" (around neck) {Reflect *Contam rN+ Str+4 SH+5}
   (You found it on level 9 of the Dungeon)

   [amulet of reflection]

   It shields you and reflects attacks.
   It affects your strength (+4).
   It protects you from negative energy.
   It causes magical contamination when unequipped.
   It affects your SH (+5).
 r - a ring of wizardry (right hand)
 w - a +4 ring of protection (left hand)
 B - an uncursed ring of ice
Wands
 a - a wand of iceblast (5)
 f - a wand of flame (5)
 F - a wand of polymorph (3)
 L - a wand of digging (7)
Scrolls
 d - 2 scrolls of amnesia
 j - 5 scrolls of remove curse
 k - a scroll of identify
 q - 2 scrolls of magic mapping
 v - a scroll of noise
 x - 3 scrolls of teleportation
 D - 2 scrolls of enchant weapon
 M - a scroll of enchant armour
 N - 3 scrolls of fog
Potions
 c - a potion of mutation
 g - a potion of haste
 h - a potion of curing
 i - 4 potions of flight
 t - 4 potions of attraction
 u - 4 potions of brilliance
 z - a potion of cancellation {unknown}
 A - 2 potions of might
 E - a potion of lignification
 I - a potion of invisibility {unknown}
Miscellaneous
 O - a box of beasts


   Skills:
 - Level 6.3 Dodging
 - Level 10.4 Stealth
 - Level 11.2 Spellcasting
 - Level 11.0 Conjurations
 - Level 10.0 Hexes
 - Level 10.2 Fire Magic
 + Level 7.5 Evocations


You had 18 spell levels left.
You knew the following spells:

 Your Spells              Type           Power        Failure   Level
a - Magic Dart            Conj           100%         1%          1
b - Searing Ray           Conj           100%         1%          2
c - Fulminant Prism       Conj/Hex       32%          1%          4
d - Blink                 Tloc           N/A          3%          2
e - Call Imp              Summ           15%          3%          2
f - Foxfire               Conj/Fire      100%         1%          1
g - Frozen Ramparts       Ice            30%          1%          3

Your spell library contained the following spells:

 Spells                   Type           Power        Failure   Level
 Sticky Flame             Conj/Fire      66%          1%          4
 Corona                   Hex            71%          1%          1
 Shock                    Conj/Air       100%         1%          1
 Slow                     Hex            64%          1%          2
 Conjure Flame            Conj/Fire      66%          1%          3
 Dazzling Flash           Conj/Hex       100%         1%          3
 Mephitic Cloud           Conj/Pois/Air  36%          1%          3
 Static Discharge         Conj/Air       46%          1%          3
 Iskenderun's Mystic Bla  Conj/Tloc      46%          1%          4
 Lightning Bolt           Conj/Air       23%          1%          5
 Animate Skeleton         Necr           30%          2%          1
 Apportation              Tloc           30%          2%          1
 Beastly Appendage        Tmut           30%          2%          1
 Summon Small Mammal      Summ           60%          2%          1
 Swiftness                Air            15%          3%          2
 Wereblood                Tmut           15%          3%          2
 Spider Form              Tmut/Pois      7%           6%          3
 Airstrike                Air            7%           6%          4
 Ice Form                 Ice/Tmut       15%          21%         4
 Blade Hands              Tmut           7%           50%         5


Dungeon Overview and Level Annotations

Branches:
Dungeon (11/15)            Temple (1/1) D:7            Lair (1/6) D:11
    Orc (0/2) D:11        Ossuary (visited)

Altars:
Elyvilon
Kikubaaqudgha
Makhleb
Nemelex Xobeh
Okawaru
Qazlal
Ru
Sif Muna
Trog
Uskayaw
Vehumet
Yredelemnul
Zin
Beogh
Lugonu

Shops:
D:7 *   D:8 [

Portals:
Volcano: Lair:1


Innate Abilities, Weirdness & Mutations

You are mostly covered in yellow scales. (AC +3)
You have an increased reservoir of magic. (+10% MP)


Message History

Casting: Searing Ray (safe; 1% risk of failure)
Confirm with . or Enter, or press ? or * to list all spells.
You blink.
The hell hound barks!
The komodo dragon bites you!!
* * * LOW HITPOINT WARNING * * *
Casting: Blink (safe; 3% risk of failure)
Confirm with . or Enter, or press ? or * to list all spells.
You blink.
The hell hound misses you. The hell hound bites you.
* * * LOW HITPOINT WARNING * * *
The hell hound completely misses you.
Casting: Blink (safe; 3% risk of failure)
Confirm with . or Enter, or press ? or * to list all spells.
You blink.
Casting: Blink (safe; 3% risk of failure)
Confirm with . or Enter, or press ? or * to list all spells.
You blink.
The hell hound bites you but does no damage.
The hell hound bites you!
You die...

#............................#..#
###.....##...............#......#
####....##..##...................
.##.#......###........#..........
#.#.####P######..................
#..## ### ##.###.##.............
###.# #§...#.##.P##.####.#.. ##
##§lh#.#####.## #...## ###h@.# ##
###### ##.## # ###


You could see a komodo dragon and 2 hell hounds.

Vanquished Creatures
  Gastronok (D:8)
  Harold (D:7)
  Erica (Lair:1)
  2 hydras (Lair:1)
  The ghost of YannSP the Basher, a journeyman GrFi of the Shining One (D:11)
  4 two-headed ogres (D:11)
  An unseen horror (D:10)
  Pikel (D:5)
  An ugly thing (D:11)
  A manticore (D:9)
  2 cane toads (Lair:1)
  3 kobold demonologists (D:10)
  2 trolls
  Grinder (D:5)
  A wyvern (D:11)
  14 yaks
  Menkaure (D:7)
  A soldier ant (D:10)
  3 water moccasins
  An orc warrior (D:7)
  2 phantoms
  5 ice beasts
  A hornet zombie (D:8)
  4 sky beasts
  7 ogres
  2 necrophages
  7 centaurs
  A big kobold (D:10)
  15 bullfrogs
  Blork the orc (D:5)
  3 water moccasin zombies (Ossuary)
  2 scorpions
  12 wights
  2 howler monkeys (D:4)
  2 centaur zombies
  3 quasits
  2 centaur skeletons
  Crazy Yiuf (D:5)
  3 bullfrog skeletons
  4 hounds
  A jelly (D:7)
  8 orc priests
  2 orc wizards
  Ijyb (D:3)
  2 iguanas
  11 worker ants
  6 big kobold zombies (Ossuary)
  A hound zombie (D:6)
  2 mummies (Ossuary)
  Robin (D:3)
  16 adders
  7 gnolls
  2 shadow imps
  2 white imps
  An ufetubus (D:6)
  An ooze (D:1)
  9 adder zombies
  2 adder skeletons
  2 dart slugs
  4 leopard geckos
  17 orcs
  7 giant cockroaches
  3 gnoll zombies (Ossuary)
  14 goblins
  4 hobgoblins
  8 jackals
  4 quokkas
  2 ball pythons
  5 bats
  9 frilled lizards
  4 hobgoblin zombies (Ossuary)
  A jackal skeleton (D:7)
  15 kobolds
  5 kobold zombies (Ossuary)
  5 orc zombies (Ossuary)
  10 rats
  3 fulminant prisms
319 creatures vanquished.

Vanquished Creatures (collateral kills)
  2 wights (D:11)
2 creatures vanquished.

Vanquished Creatures (others)
  9 demonic plants (D:10)
  7 foxfires
  24 fulminant prisms
  A fungus (Lair:1)
  5 plants
  5 toadstools (D:1)
51 creatures vanquished.

Grand Total: 372 creatures vanquished

Notes
Turn   | Place    | Note
-------+----------+-------------------------------------------
     0 | D:1      | Tycrow the Deep Elf Conjurer began the quest for the Orb.
     0 | D:1      | Reached XP level 1. HP: 10/10 MP: 6/6
   419 | D:1      | Reached XP level 2. HP: 15/15 MP: 5/8
   473 | D:1      | Reached skill level 5 in Conjurations
  1046 | D:2      | Reached XP level 3. HP: 18/19 MP: 5/9
  1049 | D:2      | Learned a level 2 spell: Searing Ray
  1603 | D:2      | Found a basalt altar of Yredelemnul.
  1666 | D:2      | Found a white marble altar of Elyvilon.
  2120 | D:3      | Noticed Robin
  2122 | D:3      | Killed Robin
  2123 | D:3      | Reached XP level 4. HP: 24/24 MP: 6/10
  2404 | D:3      | Noticed Ijyb
  2413 | D:3      | Killed Ijyb
  2790 | D:3      | Found a sacrificial altar of Ru.
  2797 | D:3      | Reached XP level 5. HP: 28/28 MP: 3/13
  3327 | D:4      | Reached skill level 5 in Spellcasting
  3793 | D:4      | Reached XP level 6. HP: 32/32 MP: 12/17
  4442 | D:5      | Entered Level 5 of the Dungeon
  4442 | D:5      | Found a sand-covered staircase.
  4442 | D:5      | Noticed Pikel
  4443 | D:5      | Noticed Grinder
  4450 | D:5      | Killed Pikel
  4451 | D:5      | Reached skill level 10 in Spellcasting
  4451 | D:5      | Reached XP level 7. HP: 17/36 MP: 6/22
  4465 | D:5      | Killed Grinder
  4466 | D:5      | Reached XP level 8. HP: 33/41 MP: 1/25
  4588 | Ossuary  | Entered an ossuary
  5385 | D:5      | Noticed Blork the orc
  5390 | D:5      | Killed Blork the orc
  5473 | D:5      | Found a runed translucent door.
  5474 | D:5      | Noticed Crazy Yiuf
  5478 | D:5      | Killed Crazy Yiuf
  5789 | D:6      | Reached XP level 9. HP: 41/45 MP: 12/26
  5890 | D:6      | Reached skill level 10 in Conjurations
  6953 | D:6      | Noticed a troll
  6983 | D:6      | Killed a troll
  6984 | D:6      | Reached skill level 5 in Stealth
  7432 | D:7      | Noticed Menkaure
  7435 | D:7      | Killed Menkaure
  7536 | D:7      | Found a staircase to the Ecumenical Temple.
  7573 | Temple   | Entered the Ecumenical Temple
  7611 | Temple   | Became a worshipper of Vehumet
  7686 | D:7      | Found Quucsitt's General Store.
  7863 | D:7      | Noticed Harold
  7879 | D:7      | Killed Harold
  7880 | D:7      | Reached skill level 10 in Stealth
  7880 | D:7      | Reached XP level 10. HP: 28/50 MP: 2/27
  8257 | D:7      | Reached * piety under Vehumet
  8257 | D:7      | Offered knowledge of Sandblast by Vehumet.
  8573 | D:7      | Reached skill level 5 in Dodging
  8716 | D:8      | Noticed a +0 dagger
  8717 | D:8      | Found a hide-covered altar of Uskayaw.
  8717 | D:8      | Noticed a +0 dagger
  8848 | D:8      | Found Neshekhlo's Antique Armour Shop.
  9059 | D:7      | Bought an uncursed ring of wizardry for 420 gold pieces
  9134 | D:8      | Noticed Gastronok
  9166 | D:8      | Killed Gastronok
  9348 | D:8      | Found a shimmering blue altar of Sif Muna.
  9517 | D:8      | Found a roughly hewn altar of Beogh.
  9710 | D:9      | Got a scorched crystal amulet
  9721 | D:9      | Identified the amulet "Zothinte" {Reflect *Contam rN+ Str+4
                  | SH+5} (You found it on level 9 of the Dungeon)
  9817 | D:9      | Reached XP level 11. HP: 47/54 MP: 21/28
 10139 | D:9      | Found an iron altar of Okawaru.
 10352 | D:9      | Gained mutation: You are partially covered in yellow
                  | scales. (AC +2) [potion of mutation]
 10352 | D:9      | Gained mutation: You have an increased reservoir of magic.
                  | (+10% MP) [potion of mutation]
 10352 | D:9      | Gained mutation: You are mostly covered in yellow scales.
                  | (AC +3) [potion of mutation]
 10407 | D:9      | Learned a level 4 spell: Fulminant Prism
 10410 | D:9      | Learned a level 2 spell: Blink
 10413 | D:9      | Learned a level 2 spell: Call Imp
 10675 | D:10     | Entered Level 10 of the Dungeon
 10832 | D:10     | Offered knowledge of Foxfire by Vehumet.
 10853 | D:10     | Learned a level 1 spell: Foxfire
 10902 | D:10     | Reached ** piety under Vehumet
 10974 | D:10     | Reached skill level 10 in Hexes
 11065 | D:10     | Reached skill level 1 in Fire Magic
 11206 | D:10     | Found a corrupted altar of Lugonu.
 11414 | D:10     | Killed an unseen horror
 11704 | D:10     | Offered knowledge of Frozen Ramparts by Vehumet.
 11705 | D:10     | Reached skill level 5 in Fire Magic
 11709 | D:10     | Learned a level 3 spell: Frozen Ramparts
 12029 | D:11     | Noticed a two-headed ogre
 12105 | D:11     | Killed a two-headed ogre
 12165 | D:11     | Reached *** piety under Vehumet
 12459 | D:11     | Found a transporter.
 12460 | D:11     | Found a transporter.
 12460 | D:11     | Noticed YannSP's ghost (journeyman GrFi)
 12460 | D:11     | Identified the +9 dire flail "Rauch" {vorpal, +Fly Stlth+}
 12460 | D:11     | Identified the cursed +3 great mace of the Lost Nights
                  | {holy, Str+4 Dex+6 SInv}
 12460 | D:11     | Noticed a two-headed ogre
 12462 | D:11     | Noticed a two-headed ogre
 12462 | D:11     | Noticed a two-headed ogre
 12510 | D:11     | Noticed a red ugly thing
 12523 | D:11     | Killed a red ugly thing
 12652 | D:11     | Killed a two-headed ogre
 12655 | D:11     | Killed a two-headed ogre
 12691 | D:11     | Killed a two-headed ogre
 12728 | D:11     | Killed YannSP's ghost
 12729 | D:11     | Reached skill level 10 in Fire Magic
 12729 | D:11     | Reached XP level 12. HP: 34/59 MP: 5/31
 12948 | D:11     | Found a staircase to the Lair.
 13095 | D:11     | Found a staircase to the Orcish Mines.
 13150 | Lair:1   | Entered Level 1 of the Lair of Beasts
 13154 | Lair:1   | Reached skill level 1 in Evocations
 13182 | Lair:1   | Offered knowledge of Sticky Flame by Vehumet.
 13185 | Lair:1   | Noticed Erica
 13195 | Lair:1   | Reached skill level 5 in Evocations
 13204 | Lair:1   | HP: 2/88 [cane toad (10)]
 13221 | Lair:1   | Killed Erica
 13327 | Lair:1   | Noticed a five-headed hydra
 13363 | Lair:1   | Noticed an eight-headed hydra
 13384 | Lair:1   | Killed an eight-headed hydra
 13621 | Lair:1   | Killed a five-headed hydra
 13676 | Lair:1   | Found a dark tunnel.
 13681 | Lair:1   | Slain by a hell hound

Illustrated notes

Levels and vault maps discovered:
D:1:      ldierk_walled_garden, layout_rooms, minmay_misc_feat_five,
          chequers_garden, serial_bayou_ford_a, minivault_27,
          minmay_pentomino_t2
D:2:      layout_basic, kennysheep_ying_yang
D:3:      layout_basic, minmay_misc_feat_diagonals,
          nicolae_ru_great_annihilating_truth, uniq_ijyb, uniq_robin
D:4:      layout_gridville
D:5:      layout_cave_pools, enter_ossuary_1, uniq_grinder,
          uniq_crazy_yiuf_cottage, uniq_pikel, uniq_blork_the_orc
D:6:      layout_basic
D:7:      layout_basic, temple_green, serial_shops, shop, uniq_menkaure,
          uniq_harold
D:8:      layout_rooms, lemuel_doored_altar, dancing_weapons_uskayaw,
          serial_shops, nicolae_shop_behind_doors, david_defended_altar_orc,
          uniq_gastronok
D:9:      layout_basic, okawaru_metal_pillars_1_2
D:10:     kennysheep_kobold_lugonu_temple, layout_stronghold
D:11:     layout_gridville, lair_entry_dummy, orc_0_dummy, serial_glass,
          glass_columns_c, glass_columns_a, gammafunk_ghost_smash
Temple:   minmay_crystal_spiral_temple
Lair:1:   layout_cave_shapes, enter_volcano_3, uniq_erica

Skill      XL: |  1  2  3  4  5  6  7  8  9 10 11 12 |
---------------+-------------------------------------+-----
Conjurations   | 5 6 9 11 | 11.0
Stealth        | 3 10 | 10.4
Spellcasting   | 4 6 10 11 | 11.2
Dodging        | 6 |  6.3
Hexes          | 8 10 | 10.0
Fire Magic     | 10 | 10.2
Evocations     | 7 |  7.5

Action                   |  1- 3 |  4- 6 |  7- 9 | 10-12 || total
-------------------------+-------+-------+-------+-------++-------
Melee: Unarmed           |     4 |       |       |       ||     4
       Dagger            |     2 |    14 |       |       ||    16
       Spear             |       |     2 |       |       ||     2
       Quarterstaff      |       |       |       |     8 ||     8
       Dire flail        |       |       |       |     7 ||     7
 Cast: Magic Dart        |    52 |     3 |     1 |     7 ||    63
       Searing Ray       |     5 |    47 |    93 |   132 ||   277
       Fulminant Prism   |       |       |       |    27 ||    27
       Blink             |       |       |       |    26 ||    26
       Call Imp          |       |       |       |     8 ||     8
       Foxfire           |       |       |       |     5 ||     5
       Frozen Ramparts   |       |       |       |     1 ||     1
Evoke: Wand              |       |     2 |     3 |    15 ||    20
       Box of beasts     |       |       |       |     1 ||     1
  Use: Scroll            |       |     3 |     6 |    13 ||    22
       Potion            |       |       |     4 |    13 ||    17
Armor: Robe              |     5 |     5 |    34 |       ||    44
       Troll leather arm |       |       |     6 |    80 ||    86
       Skin              |       |       |       |    13 ||    13
Dodge: Dodged            |    20 |    33 |    74 |   149 ||   276
Block: Other             |       |       |       |    34 ||    34
       Reflection        |       |       |       |     3 ||     3
